 Dungeon Crawl Stone Soup version 0.32-a0-886-g41c5271027 (webtiles) character file.

Game seed: 4629529614594804637

1847 stringoo the Spear-Bearer (level 9, -4/56 HPs)
             Began as an Octopode Fighter on Apr 2, 2024.
             Was an Initiate of Gozag.
             Killed from afar by a steam dragon (12 damage)
             ... with a ball of steam
             ... on level 7 of the Dungeon.
             The game lasted 00:12:09 (4934 turns).

stringoo the Spear-Bearer (Octopode Fighter)        Turns: 4934, Time: 00:12:10

Health: -4/56      AC:  1    Str: 20    XL:     9   Next: 12%
Magic:  9/9        EV: 12    Int: 10    God:    Gozag
Gold:   256        SH:  5    Dex: 11    Spells: 8/8 levels left

rFire   . . .        a - +1 trident (freeze)
rCold   + . .        b - +1 buckler
rNeg    . . .        (helmet restricted)
rPois   .            (no amulet)
rElec   .            k - ring of flight
rCorr   +            j - ring of resist corrosion
SInv    .            g - ring of protection from cold
Will    .....        (no ring)
Stlth   ++           (no ring)
HPRegen 0.29/turn    (no ring)
MPRegen 0.11/turn    (no ring)
                     (no ring)

%: no passive effects
@: about to teleport, flying
A: almost no armour, amphibious, 8 rings, camouflage 1, gelatinous body 1,
(nimble swimmer 1), tentacles
a: Renounce Religion, Potion Petition, Call Merchant, Bribe Branch


You were on level 7 of the Dungeon.
You worshipped Gozag.
Gozag was aware of your devotion.
You visited 2 branches of the dungeon, and saw 8 of its levels.

You collected 346 gold pieces.
You paid 90 gold pieces to Gozag.

Inventory:

Hand Weapons
 a - a +1 trident of freezing (weapon)
Armour
 b - a +1 buckler (worn)
Jewellery
 g - a ring of protection from cold (on tentacle)
 j - a ring of resist corrosion (right tentacle)
 k - a ring of flight (left tentacle)
Talismans
 f - a flux talisman
Scrolls
 h - 2 scrolls of teleportation
 i - a scroll of silence
 r - a scroll of enchant weapon
 s - a scroll of identify
Potions
 c - a potion of might
 d - 2 potions of ambrosia
 e - a potion of cancellation {unknown}
 l - 3 potions of curing {unknown}
 m - a potion of degeneration {unknown}
 n - a potion of magic {unknown}
 o - a potion of enlightenment {unknown}
 p - a potion of resistance
 q - a potion of mutation


   Skills:
 - Level 3.0 Fighting
 + Level 11.7 Polearms
 - Level 3.0 Dodging
 - Level 3.0 Shields


You had 8 spell levels left.
You didn't know any spells.
Your spell library contained the following spells:

 Spells                   Type           Power      Damage    Failure   Level
 Necrotise                Necr           0%         1d4       43%         1
 Slow                     Hex            0%         N/A       43%         1
 Summon Small Mammal      Summ           0%         N/A       43%         1
 Blink                    Tloc           0%         N/A       56%         2
 Lesser Beckoning         Tloc           0%         N/A       56%         2
 Mercury Vapours          Alch/Air       0%         N/A       56%         2
 Momentum Strike          Conj/Tloc      0%         3d8       56%         2
 Confusing Touch          Hex            0%         N/A       80%         3
 Mephitic Cloud           Conj/Alch/Air  0%         N/A       80%         3
 Passwall                 Erth           0%         N/A       80%         3
 Vampiric Draining        Necr           0%         2d6       80%         3
 Volatile Blastmotes      Fire/Tloc      0%         2d10      80%         3
 Martyr's Knell           Necr/Summ      0%         N/A       99%         4
 Vhi's Electric Charge    Tloc/Air       0%         N/A       99%         4
 Curse of Agony           Necr           0%         N/A       100%        5
 Freezing Cloud           Conj/Ice/Air   0%         6-21      100%        5
 Bombard                  Conj/Erth      0%         9d1       100%        6


Dungeon Overview and Level Annotations

Branches:
Dungeon (7/15)             Temple (1/1) D:6

Altars:
Ashenzari
Cheibriados
Elyvilon
Fedhas
Gozag
Nemelex Xobeh
Okawaru
Qazlal
Ru
Sif Muna
Uskayaw
Vehumet
Wu Jian
Yredelemnul
Zin
The Shining One

Annotations:
D:7 Maurice


Innate Abilities, Weirdness & Mutations

You cannot wear most types of armour.
You are amphibious.
You can wear up to eight rings at the same time.
Your skin changes colour to match your surroundings (Stealth+).
Your rubbery body absorbs attacks. (AC +1, EV +1)
((You are camouflaged when in or above water. (Stealth+)))
You have tentacles for arms and can constrict up to eight enemies at once.


Message History

No target in view!
No target in view!
No target in view!
No target in view!
No target in view!
No target in view!
No target in view!
You're standing in a cloud of steam!
You're standing in a cloud of steam!
A howler monkey comes into view.
You are engulfed in a cloud of scalding steam.
The howler monkey howls!
You are engulfed in a cloud of scalding steam.
The steam dragon bites you! The steam dragon misses you.
You are too injured to fight recklessly!
You are too injured to fight recklessly!
Okay, then.
Okay, then.
Okay, then.
Okay, then.
Okay, then.
You are engulfed in a cloud of scalding steam.
* * * LOW HITPOINT WARNING * * *
The steam dragon closely misses you. You block the steam dragon's attack.
Found a leather armour.
An orc comes into view. It is wielding a +0 dagger.
The howler monkey barely misses you.
Maurice the Thief comes into view.
He is wielding a +0 dagger and carrying a wand of quicksilver.
Maurice shouts!
You hear two shouts!
A kobold comes into view. It is wielding a +0 short sword.
You block the howler monkey's attack.
Maurice moves out of view.
As you read the scroll of teleportation, it crumbles to dust.
You feel strangely unstable. The steam dragon closely misses you. x2
A kobold comes into view.
It is wielding a +0 dagger and quivering poisoned darts.
The howler monkey hits you.
* * * LOW HITPOINT WARNING * * *
The steam dragon breathes steam at you. The ball of steam hits you!
You die...
Your body crumbles into a pile of gold.

#### ... ... .....
#.# #.#### #..##
... .....##..
#.#.###.##...
#.#...#.##.#######
.
#.#....=#.........
K..
#.#####...########
K.f.[#@D..........#
#...ho#..#####.#
#####...## #
#>.....# ######.# #


You could see a steam dragon (catching breath), a howler monkey and an orc.

Vanquished Creatures
  Grinder (D:3)
  Eustachio (D:6)
  Duvessa (D:6)
  A black bear (D:5)
  2 sky beasts
  2 ice beasts
  A phantom (D:5)
  A scorpion (D:5)
  Dowan (D:6)
  2 howler monkeys (D:6)
  3 bombardier beetles
  An orc priest (D:6)
  2 jellies
  2 hounds (D:6)
  3 sleepcaps
  Crazy Yiuf (D:2)
  Jessica (D:3)
  3 iguanas
  4 orc wizards
  3 adders (D:3)
  3 shadow imps
  A white imp (D:5)
  2 ufetubi (D:6)
  2 dart slugs
  2 ribbon worms
  15 orcs
  5 ball pythons
  5 endoplasms
  3 giant cockroaches
  5 goblins
  4 hobgoblins (D:1)
  4 jackals (D:4)
  2 quokkas (D:4)
  6 bats
  3 frilled lizards
  4 kobolds
  3 rats
105 creatures vanquished.

Notes
Turn   | Place    | Note
-------+----------+-------------------------------------------
     0 | D:1      | stringoo the Octopode Fighter began the quest for the Orb.
     0 | D:1      | Reached XP level 1. HP: 16/16 MP: 1/1
   268 | D:1      | Reached XP level 2. HP: 21/21 MP: 2/2
   320 | D:1      | Reached skill level 3 in Polearms
   329 | D:1      | Found a faded altar of an unknown god.
   646 | D:2      | Reached XP level 3. HP: 26/26 MP: 3/3
   769 | D:2      | Found a broken altar of Ashenzari.
  1035 | D:2      | Found a runed translucent door.
  1036 | D:2      | Noticed Crazy Yiuf
  1143 | D:2      | Killed Crazy Yiuf
  1144 | D:2      | Reached skill level 4 in Polearms
  1144 | D:2      | Reached XP level 4. HP: 31/31 MP: 4/4
  1298 | D:3      | Noticed Jessica
  1303 | D:3      | Killed Jessica
  1390 | D:3      | Noticed Grinder
  1399 | D:3      | Killed Grinder
  1400 | D:3      | Reached skill level 6 in Polearms
  1400 | D:3      | Reached XP level 5. HP: 25/36 MP: 5/5
  1400 | D:3      | Reached XP level 6. HP: 29/42 MP: 6/6
  1542 | D:3      | Found a sparkling altar of Nemelex Xobeh.
  1785 | D:3      | Found a blossoming altar of Fedhas.
  1954 | D:4      | Found a basalt altar of Yredelemnul.
  2072 | D:4      | Found a radiant altar of Vehumet.
  2466 | D:5      | Entered Level 5 of the Dungeon
  2630 | D:5      | Reached skill level 7 in Polearms
  2684 | D:5      | Reached XP level 7. HP: 32/46 MP: 7/7
  2755 | D:5      | Reached skill level 8 in Polearms
  3446 | D:5      | Reached skill level 9 in Polearms
  3446 | D:5      | Reached XP level 8. HP: 52/52 MP: 8/8
  3557 | D:6      | Noticed Eustachio
  3567 | D:6      | Killed Eustachio
  3644 | D:6      | Noticed Duvessa
  3737 | D:6      | Noticed Dowan
  3739 | D:6      | Killed Duvessa
  3740 | D:6      | Reached skill level 10 in Polearms
  3745 | D:6      | Killed Dowan
  4281 | D:6      | Reached skill level 11 in Polearms
  4449 | D:6      | Found a shimmering blue altar of Sif Muna.
  4472 | D:6      | Got Sif Muna's Secrets of Command
  4622 | D:6      | Found a staircase to the Ecumenical Temple.
  4627 | D:6      | Reached XP level 9. HP: 49/56 MP: 9/9
  4636 | Temple   | Entered the Ecumenical Temple
  4643 | Temple   | Became a worshipper of Gozag Ym Sagoz the Greedy
  4932 | D:7      | Noticed Maurice
  4934 | D:7      | Killed from afar by a steam dragon

Illustrated notes

Levels and vault maps discovered:
D:1:      saegor_arrival_under_anarchy, layout_basic,
          ebering_ecumenical_altar_webs
D:2:      layout_rooms, basic_altar, uniq_crazy_yiuf_cottage
D:3:      layout_loops_ring, lemuel_round_altar,
          mainiacjoe_overflow_six_doors_small, uniq_jessica, uniq_grinder
D:4:      layout_rooms, mainiacjoe_overflow_brackets, yredelemnul_altar_generic
D:5:      layout_gridville, grunt_ministairs_5, hangedman_abyss_or_decor_stabs
D:6:      layout_loops_cross, led_sif_book, minmay_temple_entry_tees,
          uniq_eustachio, uniq_duvessa
D:7:      layout_basic, grunt_decor_mini_mirrors, uniq_maurice, uniq_pikel
Temple:   eino_temple_lava

Skill      XL: |  1  2  3  4  5  6  7  8 |
---------------+-------------------------+-----
Polearms       | 3 4 6 7 9 11 | 11.7
Fighting       | |  3.0
Dodging        | |  3.0
Shields        | |  3.0

Action                     |  1- 3 |  4- 6 |  7- 9 || total
---------------------------+-------+-------+-------++-------
  Melee: Trident           |    51 |    77 |   137 ||   265
         Constrict         |     9 |    14 |    23 ||    46
         Tentacles         |     8 |    13 |    28 ||    49
    Use: Scroll            |     6 |     6 |     5 ||    17
         Potion            |       |       |     4 ||     4
   Stab: Sleeping          |    10 |     8 |     4 ||    22
 Armour: Skin              |     7 |    14 |    54 ||    75
  Dodge: Dodged            |    15 |    19 |    30 ||    64
  Block: Buckler           |     2 |     6 |    16 ||    24

Table legend: (Time is in decaauts)
 A = Elapsed time spent in this place.
 B = Non-inter-level travel time spent in this place.
 C = Inter-level travel time spent in this place.
 D = Time resting spent in this place.
 E = Time spent auto-exploring this place.
 F = Levels seen in this place.
 G = Mean time per level.
                   A        B        C        D        E       F      G
               +--------+--------+--------+--------+--------+-----+--------+
         Total |   4933 |   4822 |    111 |      0 |   4015 |   8 |  616.6 |
       Dungeon |   4918 |   4813 |    105 |      0 |   4015 |   7 |  702.6 |
        Temple |     14 |      8 |      6 |      0 |      0 |   1 |   14.0 |
               +--------+--------+--------+--------+--------+-----+--------+

Top non-repeatable levels by time:
     D:6: 1173 daAuts
     D:5: 1062 daAuts
     D:3: 706 daAuts
     D:1: 651 daAuts
     D:2: 560 daAuts
     D:4: 559 daAuts
     D:7: 205 daAuts
  Temple: 14 daAuts
